 Dungeon Crawl Stone Soup version 0.31-a0-188-g5e087ee2ca (webtiles) character file.

Game seed: 7346471436499448531

31 qw the Shooter (level 3, -1/20 HPs)
             Began as a Deep Elf Hunter on June 23, 2023.
             Slain by Terence
             ... wielding a +2 mace of protection
              (7 damage)
             ... on level 2 of the Dungeon.
             The game lasted 00:00:14 (776 turns).

qw the Shooter (Deep Elf Hunter)                     Turns: 776, Time: 00:00:15

Health: -1/20      AC:  5    Str: 10    XL:     3   Next: 7%
Magic:  5/5        EV: 11    Int: 13    God:
Gold:   27         SH:  0    Dex: 18    Spells: 2/2 levels left

rFire   . . .        Y - +0 shortbow
rCold   . . .        (shield currently unavailable)
rNeg    . . .        f - +0 ring mail
rPois   .            (no helmet)
rElec   .            (no cloak)
rCorr   .            (no gloves)
SInv    .            (no boots)
Will    .....        h - amulet of faith
Stlth   +            (no ring)
HPRegen 0.23/turn    (no ring)
MPRegen 0.09/turn

%: faith
@: no status effects
A: no striking features
a: no special abilities


You were on level 2 of the Dungeon.
You visited 1 branch of the dungeon, and saw 2 of its levels.

You collected 27 gold pieces.


   Skills:
 - Level 1.5 Fighting
 + Level 6.7 Ranged Weapons
 - Level 2.4 Dodging
 - Level 1.2 Stealth


You had 2 spell levels left.
You didn't know any spells.
Your spell library was empty.

Inventory:

Hand Weapons
 Y - a +0 shortbow (weapon)
Armour
 f - a +0 ring mail (worn)
Jewellery
 d - an amulet of regeneration
 h - an amulet of faith (around neck)
Scrolls
 b - a scroll of amnesia {unknown}
 c - a scroll of enchant armour {unknown}
Potions
 a - a potion of resistance {unknown}
 e - a potion of enlightenment {unknown}
 g - a potion of curing
 i - a potion of might {unknown}
 j - a potion of degeneration {unknown}

Dungeon Overview and Level Annotations

Branches:
Dungeon (2/15)

Altars:

Annotations:
D:2 Terence


Message History

You open the door.
There is an open door here.
An endoplasm comes into view.
Enter note: You shoot an arrow.
The arrow hits the endoplasm.
The endoplasm is almost dead.
You hear a shout!
Terence the Incautious comes into view.
He is wielding a +2 mace of protection.
You shoot an arrow. The arrow hits Terence.
Terence is moderately wounded.
You shoot an arrow. The arrow barely misses Terence.
Terence closely misses you.
You shoot an arrow.
The arrow hits Terence but does no damage.
Terence is moderately wounded.
Terence hits you with a +2 mace of protection.
You shoot an arrow. The arrow hits Terence.
Terence is heavily wounded.
Terence hits you with a +2 mace of protection.
You shoot an arrow.
The arrow hits Terence but does no damage.
Terence is heavily wounded.
Terence hits you with a +2 mace of protection.
Terence hits you but does no damage.
You shoot an arrow. The arrow completely misses Terence.
The arrow hits the endoplasm but does no damage.
The endoplasm is almost dead.
Terence hits you with a +2 mace of protection.
You shoot an arrow. The arrow closely misses Terence.
The arrow hits the endoplasm!
You kill the endoplasm!
Terence closely misses you.
You shoot an arrow. The arrow hits Terence!
Terence is almost dead.
Terence hits you with a +2 mace of protection.
You shoot an arrow.
The arrow hits Terence but does no damage.
Terence is almost dead.
Terence hits you with a +2 mace of protection!
You die...

#.##..# #....#
##.. #<..++ ....
###..## ...
#...## ..####
#.#..## ...!
#.##..## ..#
#.###..##+####@#
#.# ##........@#
+.####.##..#.###
###........#'####
#.##.#........#
#.......%.....#
#########
####..........#
#.......#
#..##'#'####
#.#####.#
#..##.#.######.#
#.#
#.%##.#.%......#
#.#


You could see Terence.

Vanquished Creatures
  An adder (D:2)
  A bat (D:2)
  4 endoplasms
  3 goblins (D:1)
  A hobgoblin (D:2)
  2 jackals (D:1)
  3 ball pythons
  2 frilled lizards (D:1)
  A kobold (D:1)
  4 rats
22 creatures vanquished.

Notes
Turn   | Place    | Note
-------+----------+-------------------------------------------
     0 | D:1      | qw the Deep Elf Hunter began the quest for the Orb.
     0 | D:1      | Reached XP level 1. HP: 12/12 MP: 3/3
     0 | D:1      | 0 ||| qw: Version: 0.3-a-9-g12657ce
     0 | D:1      | 0 ||| qw: Game counter: 3343
     0 | D:1      | 0 ||| qw: Always use a shield: true
     0 | D:1      | 0 ||| qw: God list: Okawaru
     0 | D:1      | 0 ||| qw: Allow faded altars: false
     0 | D:1      | 0 ||| qw: Do Orc after D:15 true
     0 | D:1      | 0 ||| qw: Do second Lair branch before Depths: true
     0 | D:1      | 0 ||| qw: Lair rune preference: random
     0 | D:1      | 0 ||| qw: Plans: Normal
     0 | D:1      | 0 ||| PLANNING D:1-11
   156 | D:1      | Reached skill level 6 in Ranged Weapons
   156 | D:1      | Reached XP level 2. HP: 16/16 MP: 4/4
   163 | D:1      | 163 ||| UPGRADING to +0 ring mail.
   173 | D:1      | 173 ||| DROPPING +0 leather armour.
   174 | D:1      | 174 ||| UPGRADING to amulet of regeneration.
   527 | D:1      | 527 ||| UPGRADING to amulet of faith.
   537 | D:1      | 537 ||| READING scroll labelled FAQEXK IFER.
   538 | D:1      | 538 ||| DRINKING 2 viscous brown potions.
   539 | D:1      | 539 ||| DROPPING scroll of butterflies.
   731 | D:2      | Reached XP level 3. HP: 16/20 MP: 5/5
   767 | D:2      | Noticed Terence
   776 | D:2      | Slain by Terence

Levels and vault maps discovered:
D:1:      lemuel_arrival_cross, layout_basic, minmay_misc_feat_tower
D:2:      layout_basic, chequers_serial_rivers_small_b, grunt_decor_arrowhead,
          uniq_robin, uniq_terence, uniq_jessica

Skill      XL: |  1 |
---------------+----+-----
Ranged Weapons | 6 |  6.7
Fighting       | |  1.5
Dodging        | |  2.4
Stealth        | |  1.2

Action                     || total
---------------------------++-------
   Fire: Shortbow          ||    48
    Use: Scroll            ||     1
         Potion            ||     1
 Armour: Ring mail         ||     4
  Dodge: Dodged            ||     5

Table legend:
 A = Non-vault XP
 B = Vault XP
 C = Vault XP percentage of total XP
 D = Non-vault monster count
 E = Vault monster count
 F = Vault count percentage of total count
                 A         B        C        D         E       F
            +---------+---------+-------+---------+---------+-------
      Total |      45 |       0 |   0.0 |      22 |       0 |   0.0
            +---------+---------+-------+---------+---------+-------
        D:1 |      21 |       0 |   0.0 |      14 |       0 |   0.0
        D:2 |      24 |       0 |   0.0 |       8 |       0 |   0.0
            +---------+---------+-------+---------+---------+-------
